 Dungeon Crawl Stone Soup version 0.30.0-11-gf55b779eaf (webtiles) character file.

Game seed: 1253369439342548685

25 JanusIIV the Poker (level 3, -6/28 HPs)
             Began as a Merfolk Warper on May 16, 2023.
             Mangled by a gnoll
             ... wielding a +0 flail
              (9 damage)
             ... on level 2 of the Dungeon.
             The game lasted 00:01:23 (1025 turns).

JanusIIV the Poker (Merfolk Warper)                 Turns: 1025, Time: 00:01:24

Health: -6/28      AC:  7    Str: 11 (13) XL:     3   Next: 6%
Magic:  6/6        EV:  9    Int: 10 (12) God:
Gold:   63         SH:  0    Dex: 12 (13) Spells: 6/6 levels left

rFire   . . .        a - +0 spear
rCold   . . .        (no shield)
rNeg    . . .        e - +0 scale mail
rPois   .            (no helmet)
rElec   .            (no cloak)
rCorr   .            h - +0 pair of gloves
SInv    .            (no boots)
Will    .....        (no amulet) Stlth
                     (no ring)
HPRegen 0.24/turn    (no ring)
MPRegen 0.10/turn

%: no passive effects
@: no status effects
A: (nimble swimmer 2), mertail
a: no special abilities


You were on level 2 of the Dungeon.
You visited 1 branch of the dungeon, and saw 2 of its levels.

You collected 63 gold pieces.

Inventory:

Hand Weapons
 a - a +0 spear (weapon)
Missiles
 d - 7 boomerangs of dispersal (quivered)
Armour
 e - a +0 scale mail (worn)
 h - a +0 pair of gloves (worn)
Jewellery
 j - a ring of magical power
Scrolls
 c - a scroll of blinking
 f - a scroll of amnesia {unknown}
 g - a scroll of identify {unknown}
 i - a scroll of fear {unknown}


   Skills:
 + Level 2.8 Fighting
 + Level 4.0 Polearms
 - Level 1.0 Throwing
 - Level 0.6 Armour
 - Level 2.6 Dodging
 - Level 2.0 Spellcasting
 - Level 2.4 Translocations


You had 6 spell levels left.
You didn't know any spells.
Your spell library contained the following spells:

 Spells                   Type           Power      Damage    Failure   Level
 Blink                    Tloc           10%        N/A       73%         2
 Lesser Beckoning         Tloc           10%        N/A       73%         2
 Teleport Other           Tloc           5%         N/A       91%         3
 Vhi's Electric Charge    Tloc/Air       6%         N/A       98%         3
 Manifold Assault         Tloc           5%         N/A       100%        4


Dungeon Overview and Level Annotations

Branches:
Dungeon (2/15)

Altars:


Innate Abilities, Weirdness & Mutations

((You are very nimble when in or above water. (Stealth+, EV+, Speed+++)))
Your lower body shifts to a powerful aquatic tail in water.


Message History

Your Polearms skill increases to level 4!
You have reached level 3!
Your experience leads to an increase in your attributes!
Increase (S)trength, (I)ntelligence, or (D)exterity?
You feel stronger. x2
A gnoll comes into view. It is wielding a +0 club.
The gnoll moves out of view.
You reach to attack!
You hit the endoplasm.
The endoplasm is severely wounded.
You reach to attack!
You hit the endoplasm.
You kill the endoplasm!
No target in view!
You reach to attack!
You barely miss the gnoll. You hit the gnoll.
The gnoll is lightly wounded.
The gnoll hits you with a +0 flail.
You hit the gnoll.
The gnoll is heavily wounded.
The gnoll hits you with a +0 flail!
You closely miss the gnoll. Your punch misses the gnoll.
The gnoll is heavily wounded.
The gnoll hits you with a +0 flail.
You are too injured to fight recklessly!
You are too injured to fight recklessly!
You closely miss the gnoll.
The gnoll is heavily wounded.
The gnoll hits you but does no damage.
You barely miss the gnoll.
The gnoll is heavily wounded.
The gnoll hits you with a +0 flail.
* * * LOW HITPOINT WARNING * * *
You hit the gnoll but do no damage.
The gnoll is heavily wounded.
The gnoll hits you with a +0 flail.
* * * LOW HITPOINT WARNING * * *
It was a potion of degeneration.
There was something very wrong with that liquid.
You feel weakened.
You feel dopey.
You feel clumsy. The gnoll hits you with a +0 flail!
You die...

........####...######
..#####...........<.#
#..###...####.## #..#
##.##.....#
##..####.##.###.#
#...........# #.#
##..#####.#.# #.#
##.# #.#.....# #@#
###.###..## #g#
#.<...#..#
#.###.....#..#
#######............#
........###†....#.##
........?...........
..#.###..########.#.#
.. ..(.# .#.# #.
###.# #


You could see a gnoll.

Vanquished Creatures
  A dart slug (D:1)
  4 endoplasms
  4 hobgoblins (D:1)
  3 ball pythons (D:1)
  4 bats
  3 kobolds (D:1)
  2 rats (D:1)
21 creatures vanquished.

Notes
Turn   | Place    | Note
-------+----------+-------------------------------------------
     0 | D:1      | JanusIIV the Merfolk Warper began the quest for the Orb.
     0 | D:1      | Reached XP level 1. HP: 16/16 MP: 3/3
   166 | D:1      | Reached skill level 3 in Polearms
   199 | D:1      | Reached XP level 2. HP: 23/23 MP: 5/5
  1004 | D:2      | Reached skill level 4 in Polearms
  1004 | D:2      | Reached XP level 3. HP: 27/28 MP: 6/6
  1025 | D:2      | Mangled by a gnoll

Illustrated notes

Levels and vault maps discovered:
D:1:      dpeg_chamrin_arrival_tetris, layout_loops_ring,
          kennysheep_small_spiral, chequers_serial_rivers_micro_a
D:2:      layout_loops_ring, hellmonk_ecumenical_altar_crossroads,
          kennysheep_path_1

Skill      XL: |  1  2 |
---------------+-------+-----
Polearms       | 3 4 |  4.0
Fighting       | |  2.8
Throwing       | |  1.0
Armour         | |  0.6
Dodging        | |  2.6
Spellcasting   | |  2.0
Translocations | |  2.4

Action                     || total
---------------------------++-------
  Melee: Spear             ||    77
    Use: Potion            ||     1
 Armour: Leather armour    ||     5
         Scale mail        ||    15
  Dodge: Dodged            ||    19
